 Dungeon Crawl Stone Soup version 0.22.1-2-g9c5b331383 (webtiles) character file.

40 Knicklaso the Ducker (level 3, -4/30 HPs)
             Began as a Minotaur Artificer on Dec 4, 2018.
             Slain by Sigmund
             ... wielding a +0 scythe
              (7 damage)
             ... on level 2 of the Dungeon.
             The game lasted 00:02:03 (890 turns).

Knicklaso the Ducker (Minotaur Artificer)            Turns: 890, Time: 00:02:03

Health: -4/30      AC:  8    Str: 17    XL:     3   Next: 30%
Magic:  4/4        EV:  7    Int:  8    God:
Gold:   156        SH:  0    Dex: 10    Spells: 2/2 levels left

rFire    . . .     SeeInvis .   g - +2 dagger (freeze)
rCold    . . .     Gourm    +   (no shield)
rNeg     . . .     Faith    .   j - +0 chain mail
rPois    .         Spirit   .   (helmet restricted)
rElec    .         Reflect  .   (no cloak)
rCorr    .         Harm     .   (no gloves)
MR       .....                  (no boots)
Stlth    ..........             m - amulet of the gourmand
HPRegen  0.10/turn              (no ring)
MPRegen  0.09/turn              (no ring)

@: confused
A: retaliatory headbutt, horns 2
a: no special abilities


You were on level 2 of the Dungeon.
You were not hungry.

You visited 1 branch of the dungeon, and saw 2 of its levels.

You collected 156 gold pieces.

Inventory:

Hand Weapons
 g - a +2 dagger of freezing (weapon)
Armour
 a - a +0 plate armour
 j - a +0 chain mail (worn)
Jewellery
 m - an amulet of the gourmand (around neck)
Wands
 c - a wand of flame (15)
 d - a wand of enslavement (15)
 e - a wand of random effects (15)
Scrolls
 b - a scroll of blinking {unknown}
 i - a scroll of amnesia {unknown}
 k - a scroll of identify {unknown}
 l - a scroll of noise {unknown}
 n - a scroll of enchant armour {unknown}
 o - a scroll of enchant weapon {unknown}
Potions
 h - a potion of brilliance {unknown}
 p - a potion of mutation {unknown}
Comestibles
 f - a ration


   Skills:
 + Level 2.9 Fighting
 - Level 1.1 Short Blades
 + Level 3.3 Dodging
 - Level 0.7 Stealth
 - Level 2.6 Evocations


You had 2 spell levels left.
You didn't know any spells.
Your spell library was empty.

Dungeon Overview and Level Annotations

Branches:
Dungeon (2/15)

Altars:

Annotations:
D:2 Sigmund


Innate Abilities, Weirdness & Mutations

You reflexively headbutt those who attack you in melee.
You have a pair of horns on your head.


Message History

Sigmund casts a spell at you. The puff of flame hits you!
* * * LOW HITPOINT WARNING * * *
Sigmund closely misses you.
You hit Sigmund. You freeze Sigmund.
Sigmund is severely wounded.
Sigmund mumbles some strange words.
Sigmund flickers and vanishes!
Deactivating autopickup; reactivate with Ctrl-A.
You miss something. Something hits you but does no damage.
You miss something. Your headbutt misses something. You miss something.
Your headbutt misses something.
You hear some strange, mumbled words.
You are more confused.
Something hits you but does no damage. Something hits you.
* * * LOW HITPOINT WARNING * * *
You hit something. You freeze something. Something hits you!
You die...

#....# #......... #....#
#......... #....#
#......... #....#
#......... #....#
#......... #....#
#......... # #....#
#..†...... # #...@#
#......... #
#....#####......... #
#.{.....†..(####### #
#.....#'#######(##.# #
#.#..##†# #.##.# # #..
#.#######.##.######
...)..............)......
#.#...#.##.####.........#
#.###.#.# #######.####.#


There were no monsters in sight!

Vanquished Creatures
  3 dart slugs (D:1)
  A leopard gecko (D:1)
  A ball python (D:1)
  5 giant cockroaches
  5 goblins (D:1)
  3 hobgoblins
  6 kobolds
  4 bats
  2 rats (D:1)
30 creatures vanquished.

Notes
Turn   | Place    | Note
-------+----------+-------------------------------------------
     0 | D:1      | Knicklaso the Minotaur Artificer began the quest for the
                  | Orb.
     0 | D:1      | Reached XP level 1. HP: 16/16 MP: 1/1
   125 | D:1      | Reached XP level 2. HP: 19/24 MP: 3/3
   211 | D:1      | Reached skill level 3 in Dodging
   356 | D:1      | Reached XP level 3. HP: 29/30 MP: 4/4
   868 | D:2      | Noticed Sigmund
   890 | D:2      | Slain by Sigmund

Skill      XL: |  1  2 |
---------------+-------+-----
Fighting       | 2 |  2.9
Dodging        | 3 |  3.3
Short Blades   | |  1.1
Stealth        | |  0.7
Evocations     | |  2.6

Action                   || total
-------------------------++-------
Melee: Short sword       ||     7
       Dagger            ||    63
       Headbutt          ||    10
  Eat: Chunk             ||     4
Armor: Leather armour    ||     7
       Chain mail        ||    18
Dodge: Dodged            ||    38
